[Event "*** Titled Tuesday Blitz"]
[Site "Chess.com"]
[Date "2020.10.20"]
[Round "1"]
[White "queen_iryna"]
[Black "Jungle_Jaguar"]
[Result "1-0"]
[WhiteElo "2314"]
[BlackElo "2609"]
[TimeControl "180+1"]
[EndTime "10:06:43 PDT"]
[Termination "queen_iryna won by resignation"]

1. e4 c5 2. Nf3 d6 3. Bb5+ Nd7 4. O-O a6 5. Bxd7+ Bxd7 6. d4 cxd4 7. Qxd4 Nf6 8. a4 e5 9. Qd3 Rc8 10. c4 Be7 11.
Nc3 O-O 12. h3 h6 13. Be3 Be6 14. b3 Qc7 15. Ne1 Rfd8 16. Nc2 Bf8 17. Qe2 Nd7 18.
Nb4 Nc5 19. Nbd5 Qc6 20. Qc2 a5 21. f3 Re8 22. Rab1 Kh8 23. Rfd1 g6 24. Qf2 Bg7 25. Qh4 Kh7 26. Ne7 Qd7 27. Nxc8 Rxc8 28. Nd5 Bxd5 29. Rxd5 Qe6 30. Bxc5 dxc5 31. Rbd1 Rc6 32. Qd8 Rb6 33.
Rd6 Bf6 34. Rxe6 Bxd8 35. Rxb6 Bxb6 36. Rd7 1-0

[Event "*** Titled Tuesday Blitz"]
[Site "Chess.com"]
[Date "2020.10.20"]
[Round "1"]
[White "GMTalks_Youtube"]
[Black "Kazmin_Dmitrij"]
[Result "1-0"]
[WhiteElo "2604"]
[BlackElo "2279"]
[TimeControl "180+1"]
[EndTime "10:06:44 PDT"]
[Termination "GMTalks_Youtube won on time"]

1. e4 c5 2. Nf3 d6 3. Bb5+ Nc6 4. O-O e5 5. c3 a6 6. Bxc6+ bxc6 7. d4 cxd4 8. cxd4 Qc7 9. Be3 Nf6 10. Nbd2 Be6 11. Rc1 Bg4 12. Qa4 Bd7 13. dxe5 dxe5 14. Bc5 Bxc5 15. Rxc5 O-O 16. Nxe5 Rfe8 17. Ndf3 Re6 18. Rfc1 Be8 19. Nxc6 Nxe4 20. R5c4 Rd8 21. Rxe4 Rxe4 22. Qxe4 Bxc6 23. Qe5 Qb7 24. Nh4 g6 25. h3 Qb6 26.
Qf6 Qb5 27. Rxc6 Rd1+ 28. Kh2 Qb8+ 29. f4 Rd2 30. Nf3 1-0

[Event "*** Titled Tuesday Blitz"]
[Site "Chess.com"]
[Date "2020.10.20"]
[Round "1"]
[White "kasparicy"]
[Black "Harsha_Bharathakoti"]
[Result "0-1"]
[WhiteElo "2387"]
[BlackElo "2776"]
[TimeControl "180+1"]
[EndTime "10:06:45 PDT"]
[Termination "Harsha_Bharathakoti won by resignation"]

1. e4 c6 2. d4 d5 3. f3 dxe4 4. fxe4 e5 5. Nf3 Bg4 6. Bc4 Nd7 7. O-O Ngf6 8. dxe5 Bxf3 9. Bxf7+ Kxf7 10. Qxf3 Nxe5 11. Qh5+ Ng6 12. Bg5 Qd4+ 13. Kh1 Bc5 14. Nc3 Qg1+ 15. Rxg1 Nxh5 16. Rgf1+ Ke6 17. e5 Rhf8 18. Ne4 Be7 19.
Bd2 Rxf1+ 20. Rxf1 Rf8 21. Re1 Nhf4 22. Bc3 Nd5 23. Bd4 Rd8 24. g3 b6 25. a3 c5 26.
Bf2 Nxe5 27. c4 Nf6 28. Ng5+ Kf5 29. Rxe5+ Kxe5 30. Nf7+ Ke4 31. Nxd8 Bxd8 32. Kg2 Kd3 33. Kf3 Kxc4 0-1

[Event "*** Titled Tuesday Blitz"]
[Site "Chess.com"]
[Date "2020.10.20"]
[Round "1"]
[White "GelmanAlexander"]
[Black "annamaja"]
[Result "1-0"]
[WhiteElo "2600"]
[BlackElo "2273"]
[TimeControl "180+1"]
[EndTime "10:06:46 PDT"]
[Termination "GelmanAlexander won by resignation"]

1. d4 d5 2. Nc3 Nf6 3. Bf4 c6 4.
f3 Bf5 5. g4 Bg6 6. h4 h6 7. e3 e6 8. Nge2 Bd6 9. Qd2 Qe7 10.
O-O-O Nbd7 11. Bxd6 Qxd6 12. Nf4 Bh7 13. g5 Ng8 14. e4 O-O-O 15. Rg1 hxg5 16. Rxg5 Qf8 17. exd5 exd5 18. Nfxd5 f6 19. Qf4 Ne5 20. Bh3+ f5 21.
Qxe5 cxd5 22. Rxf5 Bxf5 23. Bxf5+ Rd7 24. Nxd5 Qd8 25.
Rd3 Rh6 26. Qxg7 Rc6 27. Bxd7+ Qxd7 28. Qxg8+ Qd8 29. Qxd8+ Kxd8 30. Re3 Rd6 31. c4 b5 32.
b3 bxc4 33. bxc4 Rc6 34. c5 1-0

[Event "*** Titled Tuesday Blitz"]
[Site "Chess.com"]
[Date "2020.10.20"]
[Round "1"]
[White "Kurai"]
[Black "TC2304"]
[Result "1-0"]
[WhiteElo "2566"]
[BlackElo "2247"]
[TimeControl "180+1"]
[EndTime "10:06:47 PDT"]
[Termination "Kurai won by resignation"]

1. d4 Nf6 2. c4 c5 3. d5 e6 4. Nc3 exd5 5. cxd5 d6 6. e4 g6 7. Nf3 Bg7 8. Be2 O-O 9. Nd2 Nbd7 10. O-O Re8 11. f4 a6 12. a4 Qc7 13. Qc2 Rb8 14.
a5 c4 15. Nxc4 Nc5 16. e5 Bf5 17. exd6 Qd8 18. Qd1 Nfe4 19. Nxe4 Nxe4 20. Ra3 Nxd6 21. Ne5 b5 22. axb6 Qxb6+ 23. Kh1 Ne4 24. Qe1 Bf8 25.
Rxa6 Qd4 26. Nc6 Qxd5 27. Nxb8 Rxb8 28. Bf3 Qc4 29. Qe2 Qd4 30. Be3 Qxb2 31. Qxb2 Rxb2 32.
Ra8 Rb5 33. Rc1 Nf6 34. Bc6 Rb3 35. Bc5 1-0

[Event "*** Titled Tuesday Blitz"]
[Site "Chess.com"]
[Date "2020.10.20"]
[Round "1"]
[White "maxip32"]
[Black "vladislavkovalev"]
[Result "0-1"]
[WhiteElo "2419"]
[BlackElo "2844"]
[TimeControl "180+1"]
[EndTime "10:06:51 PDT"]
[Termination "vladislavkovalev won on time"]

1. e4 e5 2. Nf3 Nc6 3. Bc4 Nf6 4. d3 Be7 5. O-O O-O 6. Re1 d6 7. c3 Kh8 8. d4 Bg4 9. dxe5 Nxe5 10. Be2 Bxf3 11. Bxf3 Nxf3+ 12. Qxf3 Nd7 13. Na3 Bf6 14. Be3 Qe7 15. Bd4 Rae8 16. Nc2 Ne5 17. Qe2 Ng6 18. Qd2 Be5 19. Bxe5 Qxe5 20. g3 Re7 21. Nd4 Rfe8 22. Nf5 Re6 23. Nd4 R6e7 24. Nf5 Rd7 25. f4 Qf6 26. Qd4 Qxd4+ 27. cxd4 Ne7 28. Nh4 Nc6 29. Nf3 Kg8 30. a3 Rde7 31. e5 dxe5 32. dxe5 Rd7 33. Rad1 Red8 34. Rxd7 Rxd7 35. Rc1 Kf8 36.
Kf2 Ke7 37. Ke3 g6 38. b4 a6 39. Rc2 Rd1 40. Nd2 Re1+ 41. Kf2 Rh1 42. Kf3 Rxh2 43. Ke3 Rg2 0-1

[Event "*** Titled Tuesday Blitz"]
[Site "Chess.com"]
[Date "2020.10.20"]
[Round "1"]
[White "MoreChessJulia"]
[Black "AwareIdea"]
[Result "0-1"]
[WhiteElo "1986"]
[BlackElo "2464"]
[TimeControl "180+1"]
[EndTime "10:06:51 PDT"]
[Termination "AwareIdea won by resignation"]

1. d4 Nf6 2. Bg5 Ne4 3. Bh4 c5 4. f3 g5 5. fxe4 gxh4 6. d5 Bg7 7. c3 Qb6 8. Qc1 d6 9. Nd2 Na6 10. Nc4 Qc7 11. Nf3 b5 12. Ne3 Bf6 13. a4 b4 14.
Nc4 Rg8 15. e3 Rb8 16. Kf2 bxc3 17. bxc3 Rb3 18. e5 dxe5 19. e4 Bg4 20. Be2 Bxf3 21.
Bxf3 Bg5 22. Qc2 Rb8 23. Rhb1 Bf4 24. Rxb8+ Nxb8 25. h3 Nd7 26. Rd1 Rg6 27. Bg4 Nb6 28. Ne3 Bxe3+ 29. Kxe3 Nc4+ 30. Kf2 Rf6+ 31. Kg1 Ne3 32. Qd2 Nxd1 33. Bxd1 c4 34. Qg5 Qc5+ 35. Kh2 Rg6 36. Qxe5 f6 37. Qb8+ Kd7 38. Bg4+ Rxg4 39. hxg4 Qd6+ 40. Qxd6+ Kxd6 41. g3 Ke5 42. gxh4 Kxe4 43.
Kg3 h6 44. h5 Kxd5 45. Kf4 e6 46. Kf3 Ke5 47. Ke3 f5 48. g5 hxg5 49. h6 Kf6 0-1

[Event "*** Titled Tuesday Blitz"]
[Site "Chess.com"]
[Date "2020.10.20"]
[Round "1"]
[White "GMKrikor"]
[Black "AndrewDGreen"]
[Result "1-0"]
[WhiteElo "2809"]
[BlackElo "2400"]
[TimeControl "180+1"]
[EndTime "10:06:52 PDT"]
[Termination "GMKrikor won on time"]

1. e4 c5 2. Nf3 g6 3. d4 cxd4 4. Nxd4 Nc6 5. c4 Nf6 6. Nc3 Nxd4 7. Qxd4 d6 8. Be2 Bg7 9. Be3 O-O 10. Qd2 a5 11. f3 a4 12. Rc1 Be6 13. Kf2 Qa5 14.
Rhd1 Rfc8 15. Nb5 Nd7 16. Nd4 Nc5 17. Nxe6 Nxe6 18. Qxa5 Rxa5 19. Rc2 b5 20. a3 bxc4 21. Rdc1 h5 22. Bxc4 Rb8 23. Bxe6 fxe6 24. Rc8+ Rxc8 25. Rxc8+ Kf7 26. Rb8 d5 27. Ke2 Be5 28. Rb7 Bxh2 29. Bd2 Ra8 30. Bb4 Re8 31. Ra7 Be5 32. Rxa4 Bxb2 33.
Ra7 g5 34. a4 g4 35. a5 dxe4 36. fxg4 hxg4 37. Ke3 Bf6 38. Rb7 Rd8 39. a6 Rd3+ 40.
Kxe4 Rd4+ 41. Ke3 Rd1 42. a7 Ra1 43. Bc5 Bg5+ 44. Ke4 Ra4+ 45. Kd3 Ra5 46. Rb8 1-0

[Event "*** Titled Tuesday Blitz"]
[Site "Chess.com"]
[Date "2020.10.20"]
[Round "1"]
[White "Korchmar_Vasiliy"]
[Black "GM4life"]
[Result "0-1"]
[WhiteElo "2606"]
[BlackElo "2310"]
[TimeControl "180+1"]
[EndTime "10:06:52 PDT"]
[Termination "GM4life won on time"]

1. d4 Nf6 2. Nf3 d5 3. Bf4 c5 4. e3 Nc6 5. Nbd2 Qb6 6. dxc5 Qxb2 7. Rb1 Qc3 8. Bb5 g6 9. Be5 Qxc5 10. Bxf6 exf6 11.
c4 Be7 12. O-O O-O 13. Nb3 Qb6 14. Bxc6 bxc6 15. cxd5 cxd5 16. Qxd5 Be6 17. Qd4 Qa6 18. Nc5 Bxc5 19. Qxc5 Qxa2 20. Nd4 Qd5 21. Qa3 Bc8 22. Rb5 Qe4 23. Rfb1 Rd8 24. h3 Bd7 25. Rb7 Bc8 26.
R7b4 a5 27. Rb6 Ba6 28. Rc1 Bb7 29. f3 Qd5 30. Rc5 Qd7 31. Rxf6 Re8 32. Rb6 Rad8 33. Rxa5 Qc7 0-1

[Event "*** Titled Tuesday Blitz"]
[Site "Chess.com"]
[Date "2020.10.20"]
[Round "1"]
[White "kinga2008"]
[Black "Angel_Hranitel_37"]
[Result "1-0"]
[WhiteElo "2186"]
[BlackElo "2503"]
[TimeControl "180+1"]
[EndTime "10:06:52 PDT"]
[Termination "kinga2008 won by checkmate"]

1. e4 c5 2. Nf3 e6 3. c3 d5 4. e5 d4 5. cxd4 cxd4 6. Bd3 Nc6 7. O-O Nge7 8. a3 Ng6 9. Re1 Qc7 10. Bxg6 hxg6 11.
d3 g5 12. Bxg5 a5 13. Nbd2 Be7 14. Bxe7 Qxe7 15. Nc4 O-O 16. Qe2 b5 17. Nd6 f5 18.
Nxb5 Ba6 19. Nd6 Rab8 20. Rac1 Qd7 21. Qd2 Nxe5 22. Rxe5 Qxd6 23. Rxa5 Bb7 24. Ne5 Bd5 25. Qf4 Rxb2 26. Qxd4 Re2 27. Nc4 Qc7 28. Ra7 Rc8 29. Rxc7 Rxc7 30. Qf4 Rb7 31. Qg3 Ra2 32. h3 Rb3 33. Ne5 Kf8 34. Rc7 g5 35. Qxg5 Rb7 36. Qf6+ Kg8 37. Qf7+ Kh8 38. Qh7# 1-0

[Event "*** Titled Tuesday Blitz"]
[Site "Chess.com"]
[Date "2020.10.20"]
[Round "1"]
[White "Makswolf200817"]
[Black "AlexeiShirov"]
[Result "1-0"]
[WhiteElo "2430"]
[BlackElo "2809"]
[TimeControl "180+1"]
[EndTime "10:06:54 PDT"]
[Termination "Makswolf200817 won by resignation"]

1. d4 d5 2. c4 c6 3. Nf3 Nf6 4.
e3 Bf5 5. Nc3 e6 6. Be2 Nbd7 7.
Nh4 Be4 8. f3 Bg6 9. Nxg6 hxg6 10. O-O Bd6 11. f4 g5 12. Qe1 Nf8 13. Qg3 gxf4 14.
exf4 Ng6 15. Bd3 dxc4 16. Bxg6 fxg6 17. Qxg6+ Kf8 18. g3 Qb6 19. Rd1 Rd8 20. Rb1 Rh6 21. Qc2 Rh5 22. Qe2 Kf7 23. Qxc4 Rdh8 24. Rd2 g5 25. Re2 Nd5 26. Ne4 gxf4 27. Nxd6+ Ke7 28. Ne4 fxg3 29. Nxg3 Rh3 30. Bd2 Kd7 31. Rf1 R8h4 32. Rf7+ Ke8 33. Rff2 Rxd4 34. Qc2 Kd7 35. Qg6 c5 36.
Rf7+ Ne7 37. Bg5 Rd1+ 38. Kg2 Rxg3+ 39. hxg3 Qc6+ 40. Qe4 1-0

[Event "*** Titled Tuesday Blitz"]
[Site "Chess.com"]
[Date "2020.10.20"]
[Round "1"]
[White "SuchMisfortune"]
[Black "boasovietica"]
[Result "1-0"]
[WhiteElo "2764"]
[BlackElo "2378"]
[TimeControl "180+1"]
[EndTime "10:06:54 PDT"]
[Termination "SuchMisfortune won by resignation"]

1. Nf3 c5 2. c4 Nc6 3. b3 e5 4.
Bb2 d6 5. e3 g6 6. d4 exd4 7.
exd4 Bg7 8. Na3 Nge7 9. Qd2 O-O 10.
Be2 Nf5 11. dxc5 Bxb2 12. Qxb2 Qa5+ 13. Kf1 dxc5 14. Nb5 a6 15. Nc3 Be6 16. Ne4 Nfd4 17.
Nxd4 Nxd4 18. h4 Rad8 19. h5 Bf5 20. Nf6+ Kg7 21. Nd5 Be4 22. h6+ Kh8 23. Bf3 Bxf3 24.
gxf3 Rfe8 25. Rh4 Re2 26. Qc1 Rde8 27. Rxd4 cxd4 28. Qf4 R2e6 29. Qxd4+ f6 30. Nxf6 Re1+ 31. Kg2 Qg5+ 32. Ng4+ 1-0

[Event "*** Titled Tuesday Blitz"]
[Site "Chess.com"]
[Date "2020.10.20"]
[Round "1"]
[White "penguingm1"]
[Black "yobdc"]
[Result "1-0"]
[WhiteElo "2820"]
[BlackElo "2408"]
[TimeControl "180+1"]
[EndTime "10:06:55 PDT"]
[Termination "penguingm1 won by checkmate"]

1. d4 d5 2. Bf4 Nf6 3. e3 c5 4.
Nc3 e6 5. Nb5 Na6 6. c3 Be7 7.
Nf3 O-O 8. Be2 Bd7 9. a4 Ne4 10. O-O g5 11. Bg3 f5 12. Ne5 f4 13. exf4 gxf4 14. f3 Nxg3 15. hxg3 fxg3 16. f4 Bd6 17. Nxd6 Qh4 18. Nf3 Qxf4 19. Qd2 Qxd6 20. Qg5+ Kh8 21. Ne5 Be8 22. Qh6 Rf2 23. Rxf2 gxf2+ 24. Kxf2 Qe7 25.
Rh1 Qg7 26. Bd3 Qxh6 27. Rxh6 cxd4 28. cxd4 Bxa4 29. Rxh7+ Kg8 30. Rxb7 Rf8+ 31. Ke3 Nb8 32. Bh7+ Kh8 33. Ng6# 1-0

[Event "*** Titled Tuesday Blitz"]
[Site "Chess.com"]
[Date "2020.10.20"]
[Round "1"]
[White "Goryachkina"]
[Black "chessmachine14"]
[Result "1-0"]
[WhiteElo "2659"]
[BlackElo "2323"]
[TimeControl "180+1"]
[EndTime "10:06:55 PDT"]
[Termination "Goryachkina won by resignation"]

1. e4 c5 2. Nf3 e6 3. c3 Nf6 4. e5 Nd5 5. Bc4 Nb6 6. Bb3 c4 7.
Bc2 d6 8. exd6 e5 9. O-O Bxd6 10.
d3 O-O 11. dxc4 Bg4 12. Qd3 f5 13. c5 e4 14. Qxd6 Qxd6 15. cxd6 exf3 16. Bb3+ Kh8 17.
Bf4 N8d7 18. Nd2 fxg2 19. Kxg2 Nf6 20. h3 Bh5 21. Rfe1 Be8 22. Nc4 Bc6+ 23. Kh2 Nxc4 24. Bxc4 Rad8 25. Re7 Ne8 26. Rd1 Rf6 27. Be5 Rh6 28.
Bd5 Bxd5 29. Rxd5 Nf6 30. Bxf6 Rxf6 31. Rxb7 g6 32. d7 Rf7 33. c4 a6 34. c5 Rf6 35.
Rb6 Rf7 36. c6 f4 37. c7 1-0

[Event "*** Titled Tuesday Blitz"]
[Site "Chess.com"]
[Date "2020.10.20"]
[Round "1"]
[White "mr_gustavo"]
[Black "eljanov"]
[Result "0-1"]
[WhiteElo "2434"]
[BlackElo "2880"]
[TimeControl "180+1"]
[EndTime "10:06:57 PDT"]
[Termination "eljanov won by resignation"]

1. e4 c6 2. d4 d5 3. Nc3 dxe4 4. Nxe4 Bf5 5. Ng3 Bg6 6. Nh3 Nf6 7. Nf4 Nbd7 8. h4 e5 9. Nxg6 hxg6 10. dxe5 Nxe5 11. Bf4 Qa5+ 12. c3 Be7 13. b4 Qc7 14. Qd4 Bd6 15. Rd1 Nf3+ 16. gxf3 Bxf4 17. Ne2 Be5 18. Qc5 b6 19. Qe3 O-O 20. f4 Bd6 21. Bg2 Rfe8 22. Qf3 Qe7 23. Kf1 Rad8 24. Re1 Nh5 25. Kg1 Nxf4 26. Bf1 Nd3 27. Qxd3 Bh2+ 28. Rxh2 Rxd3 29. Rg2 Qf6 30. Nf4 Rxe1 31. Nxd3 Ra1 32. f4 Qxc3 33. Rg3 Qd4+ 34. Kg2 Rxa2+ 35. Kh3 a5 36.
bxa5 bxa5 37. h5 gxh5 38. f5 a4 39. Be2 Rxe2 0-1

[Event "*** Titled Tuesday Blitz"]
[Site "Chess.com"]
[Date "2020.10.20"]
[Round "1"]
[White "FLamps8"]
[Black "MuhittinBuker"]
[Result "1-0"]
[WhiteElo "2498"]
[BlackElo "2093"]
[TimeControl "180+1"]
[EndTime "10:06:58 PDT"]
[Termination "FLamps8 won on time"]

1. d4 Nf6 2. c4 e6 3. Nf3 b6 4. g3 Ba6 5. Nbd2 Bb4 6. Qc2 O-O 7. Bg2 c6 8. O-O d5 9. Ne5 Nfd7 10. Nd3 Be7 11.
e4 dxe4 12. Nxe4 Nf6 13. Ne5 Bb7 14. Be3 Qc7 15. Bf4 Qd8 16. Rad1 Qe8 17. c5 b5 18.
Nd6 Bxd6 19. cxd6 Nd5 20. Bxd5 cxd5 21. Qc7 Qc8 22. Rc1 f6 23. Qe7 Qe8 24. Qxb7 fxe5 25.
dxe5 Nd7 26. Rc7 Rf7 27. Rfc1 Nb6 28. d7 Rxd7 29. Rxd7 Nxd7 30. Rc7 Rb8 31. Qxa7 Ra8 32. Qb7 Rb8 33. Qc6 Nf8 34. Qxe8 Rxe8 35. Rb7 Rc8 36. Rxb5 Rc2 37. a4 h6 38. a5 Rc4 39. b4 Rc2 40. a6 Ra2 41. Ra5 1-0

[Event "*** Titled Tuesday Blitz"]
[Site "Chess.com"]
[Date "2020.10.20"]
[Round "1"]
[White "sergiochess83"]
[Black "MarkkuH"]
[Result "1-0"]
[WhiteElo "2751"]
[BlackElo "2373"]
[TimeControl "180+1"]
[EndTime "10:07:00 PDT"]
[Termination "sergiochess83 won by resignation"]

1. e4 c5 2. Nf3 g6 3. c3 Bg7 4.
d4 cxd4 5. cxd4 d5 6. e5 Nc6 7. Bb5 Bg4 8. Nbd2 e6 9. O-O Ne7 10. h3 Bxf3 11. Nxf3 O-O 12. Be3 Qb6 13. Bxc6 Nxc6 14.
Qd2 Rac8 15. Rac1 Na5 16. b3 Nc6 17. Rfd1 f6 18. exf6 Bxf6 19. Ne5 Qd8 20. Nxc6 Rxc6 21. Rxc6 bxc6 22. Bf4 Qb6 23. Qe3 Re8 24. Be5 Qd8 25. Rc1 Bxe5 26. Qxe5 Qd7 27. Rc3 Rf8 28. Re3 Re8 29.
h4 Qg7 30. Qd6 Qxd4 31. Qxc6 Re7 32. Rxe6 Rxe6 33. Qxe6+ Kg7 34. Qe7+ Kg8 35. g3 Qb6 36. h5 gxh5 37. Qg5+ Kf8 38. Qxd5 Kg7 39. Qxh5 Qd4 40. Kg2 Qe4+ 41. Qf3 Qd4 42. a4 Qb6 43. Qd5 Qc7 44. b4 Qe7 45. b5 Qc7 46. Qc6 1-0

[Event "*** Titled Tuesday Blitz"]
[Site "Chess.com"]
[Date "2020.10.20"]
[Round "1"]
[White "VladimirBugayev"]
[Black "WIDBIFS"]
[Result "0-1"]
[WhiteElo "2369"]
[BlackElo "2734"]
[TimeControl "180+1"]
[EndTime "10:07:00 PDT"]
[Termination "WIDBIFS won by resignation"]

1. e4 g6 2. Nc3 Bg7 3. Bc4 c6 4. h4 h5 5. Qf3 e6 6. d3 d5 7.
Bb3 Nd7 8. Bg5 Bf6 9. Nh3 Nh6 10.
O-O-O Ng4 11. Ne2 Qb6 12. Bxf6 Ngxf6 13. Kb1 a5 14. a3 Ng4 15. exd5 cxd5 16. Rhe1 O-O 17.
Nef4 Nc5 18. Bxd5 exd5 19. Nxd5 Qd6 20. Ng5 Be6 21. Nf4 Rae8 22. Qg3 Bf5 23. f3 Nf6 24. Ne4 Bxe4 25. fxe4 Ng4 26. e5 Rxe5 27. Rxe5 Qxe5 28. d4 Qd6 29. Nxh5 Qxg3 30. Nxg3 Ne6 31. d5 Rd8 32. c4 Nc5 33. h5 Ne3 34. Rd2 Nxc4 35. Rd4 Nb3 36. Rd3 a4 37. Ne4 Kg7 38. hxg6 fxg6 39. Rd4 Nxd4 0-1

[Event "*** Titled Tuesday Blitz"]
[Site "Chess.com"]
[Date "2020.10.20"]
[Round "1"]
[White "Loy_Konstantin"]
[Black "XDPS"]
[Result "0-1"]
[WhiteElo "2364"]
[BlackElo "2726"]
[TimeControl "180+1"]
[EndTime "10:07:00 PDT"]
[Termination "XDPS won on time"]

1. e4 c5 2. Nf3 d6 3. d4 cxd4 4. Qxd4 a6 5. c4 Nc6 6. Qd3 g6 7. Nc3 Bg7 8. Be2 Nf6 9. Be3 Bg4 10. O-O O-O 11. Rac1 Bxf3 12. Bxf3 Qa5 13. b3 Nd7 14. Rfd1 Nde5 15. Qd2 Nxf3+ 16. gxf3 Qh5 17. Qe2 Ne5 18. Kg2 Qh4 19. h3 f5 20. f4 Nc6 21. f3 e5 22. Qf2 Qh5 23. Qg3 Bh6 24. Nd5 Rae8 25. Rf1 Bg7 26. Rce1 b5 27. Kh2 bxc4 28. bxc4 Rb8 29.
Re2 fxe4 30. fxe4 Qxe2+ 31. Rf2 Qxc4 0-1

[Event "*** Titled Tuesday Blitz"]
[Site "Chess.com"]
[Date "2020.10.20"]
[Round "1"]
[White "regular_legs"]
[Black "onetowin"]
[Result "1-0"]
[WhiteElo "2502"]
[BlackElo "2101"]
[TimeControl "180+1"]
[EndTime "10:07:00 PDT"]
[Termination "regular_legs won by checkmate"]

1. d4 Nf6 2. c4 e6 3. Nc3 Bb4 4. e3 O-O 5. Bd3 b6 6. Nf3 Bb7 7. O-O d5 8. cxd5 Nxd5 9. Qc2 h6 10. e4 Nf6 11. e5 Nd5 12. Ne4 Be7 13. Qe2 Nd7 14. Ng3 c5 15. Qe4 g6 16. Bxh6 Re8 17.
Qg4 Nf8 18. h4 Nb4 19. Bb1 Bxf3 20. Qxf3 Bxh4 21. dxc5 bxc5 22. Rd1 Qc7 23. Rd6 Be7 24. Ne4 Nd5 25. Bd3 Rab8 26. Bc4 Bxd6 27. exd6 Qc6 28.
Bxd5 exd5 29. Nf6+ Kh8 30. Qh3 Qxd6 31. Bxf8# 1-0

[Event "*** Titled Tuesday Blitz"]
[Site "Chess.com"]
[Date "2020.10.20"]
[Round "1"]
[White "Azerichess"]
[Black "Nastya_Rakhmangulova"]
[Result "1-0"]
[WhiteElo "2959"]
[BlackElo "2450"]
[TimeControl "180+1"]
[EndTime "10:07:01 PDT"]
[Termination "Azerichess won on time"]

1. d4 d5 2. c4 c6 3. Nf3 Nf6 4. Qb3 dxc4 5. Qxc4 Bf5 6. g3 Nbd7 7. Bg2 e6 8. O-O Nb6 9. Qb3 Qd5 10. Qd1 Bxb1 11. Rxb1 Qxa2 12. Bg5 Be7 13. Ne5 O-O 14. Ra1 Qxb2 15.
Qd3 Rfd8 16. Rfb1 Qxd4 17. Qxd4 Rxd4 18. Rxb6 Rd1+ 19. Rxd1 axb6 20. Bf3 b5 21. Kg2 h6 22. Bxf6 gxf6 23. Ng4 Rd8 24. Nxh6+ Kg7 25. Rxd8 Bxd8 26. Ng4 f5 27. Ne3 b4 28. Kf1 b3 29. Nc4 Bf6 30. Nd2 c5 31. Nxb3 c4 32. Nd2 b5 33. e4 Bg5 34. Nb1 b4 35. exf5 c3 36. Bd1 exf5 37. Ke2 Kf6 38. Kd3 Ke5 39. f4+ Bxf4 40. gxf4+ Kxf4 41.
Kc4 Ke3 42. Kxb4 1-0

[Event "*** Titled Tuesday Blitz"]
[Site "Chess.com"]
[Date "2020.10.20"]
[Round "1"]
[White "GalperinPlaton"]
[Black "Egorov_Pavel"]
[Result "1-0"]
[WhiteElo "2812"]
[BlackElo "2402"]
[TimeControl "180+1"]
[EndTime "10:07:01 PDT"]
[Termination "GalperinPlaton won on time"]

1. d4 Nf6 2. Nf3 g6 3. g3 Bg7 4.
Bg2 O-O 5. O-O d5 6. c3 Ne4 7. Nbd2 Nxd2 8. Nxd2 e5 9. dxe5 Bxe5 10. Qb3 c6 11. c4 dxc4 12. Nxc4 Bg7 13. Rd1 Qe7 14.
Bf4 Qxe2 15. Re1 Qh5 16. Nd6 Nd7 17. Re8 g5 18. Bf3 Qg6 19. Be4 Qh5 20. Be3 Nf6 21.
Rxc8 Raxc8 22. Nxc8 Rxc8 23. Qxb7 Re8 24. Bf5 Ng4 25. Bxg4 Qxg4 26. Qxc6 Rc8 27. Qb5 h5 28. Bxg5 h4 29. Bxh4 Rc2 30. Rb1 1-0

[Event "*** Titled Tuesday Blitz"]
[Site "Chess.com"]
[Date "2020.10.20"]
[Round "1"]
[White "11kevin"]
[Black "jlmanzanares"]
[Result "1-0"]
[WhiteElo "2579"]
[BlackElo "2257"]
[TimeControl "180+1"]
[EndTime "10:07:02 PDT"]
[Termination "11kevin won by resignation"]

1. d4 Nf6 2. c4 g6 3. g3 Bg7 4.
Bg2 O-O 5. Nc3 d6 6. Nf3 Nbd7 7.
O-O c6 8. e4 e5 9. h3 Qb6 10.
d5 c5 11. a3 Ne8 12. Rb1 a5 13. Nb5 f5 14. Ng5 Ndf6 15. Kh2 h6 16. Ne6 Bxe6 17. dxe6 fxe4 18. Nc3 Kh7 19. Nxe4 Nxe4 20.
Bxe4 Nf6 21. Bg2 Qd8 22. Bxb7 Rb8 23. Bd5 Qe7 24. Bd2 a4 25. Qxa4 Nh5 26. Qc2 Rf6 27. Be3 Rbf8 28. Qe2 Rf5 29. b4 cxb4 30. axb4 e4 31. Bxe4 Re5 32. Bd5 Nf4 33. gxf4 Rxf4 34. Qd3 Rh4 35. Rg1 Reh5 36. Qxg6+ Kh8 37. Rg3 Qf6 38. Qxf6 Bxf6 39. f4 Be7 40. Rbg1 1-0

[Event "*** Titled Tuesday Blitz"]
[Site "Chess.com"]
[Date "2020.10.20"]
[Round "1"]
[White "fm_magua"]
[Black "SophieNikoladze"]
[Result "1/2-1/2"]
[WhiteElo "2584"]
[BlackElo "2276"]
[TimeControl "180+1"]
[EndTime "10:07:04 PDT"]
[Termination "Game drawn by agreement"]

1. e4 d6 2. d4 Nf6 3. Nc3 Nbd7 4. Nf3 e5 5. g4 Be7 6. g5 Nh5 7. Rg1 g6 8. Bc4 c6 9. Be3 b5 10. Bb3 Qc7 11. a4 b4 12. Ne2 Bb7 13. Ng3 Nxg3 14. hxg3 c5 15. dxe5 c4 16. exd6 Bxd6 17. Qd4 cxb3 18.
Qxh8+ Ke7 19. Qd4 bxc2 20. Rc1 b3 21. Nd2 a5 22. Nxb3 Rc8 23. Na1 Be5 24. Qd2 Bxe4 25. Bd4 Bd6 26. Bc3 Be5 27. Nxc2 Bxc3 28. bxc3 Qxc3 29. Qxc3 Rxc3 30. Kd2 Rc4 31. Rge1 Kd6 32. Ne3 Rxa4 33. Nc4+ Kd5 34. Nb6+ Nxb6 35. Ke3 Bf5 36. Red1+ Ke6 37. Rc6+ Ke7 38. Rxb6 Re4+ 39. Kd2 Rd4+ 40. Ke1 Re4+ 41. Kf1 a4 42. f3 Rc4 43. Kf2 Rc2+ 44. Ke3 a3 45. Ra6 a2 46. Rd2 Rc3+ 47. Kd4 Rxf3 48.
Rdxa2 Rxg3 49. Rb2 Rg4+ 50. Ke5 Rxg5 51. Rb7+ Bd7+ 52.
Kf4 Rf5+ 53. Ke4 Rf1 54. Raa7 Re1+ 55. Kd3 Rd1+ 56. Ke2 Rd6 57. Rb8 h5 58. Ke3 Kf6 59. Rd8 Re6+ 60. Kf2 Bc6 61. Rf8 Re7 62. Rc8 Be4 63.
Ra6+ Re6 64. Ra7 1/2-1/2

[Event "*** Titled Tuesday Blitz"]
[Site "Chess.com"]
[Date "2020.10.20"]
[Round "1"]
[White "gmpeter008"]
[Black "SGchess01"]
[Result "0-1"]
[WhiteElo "2402"]
[BlackElo "2811"]
[TimeControl "180+1"]
[EndTime "10:07:06 PDT"]
[Termination "SGchess01 won by resignation"]

1. d4 Nf6 2. Bf4 c5 3. e3 d5 4. Nf3 Nc6 5. Nbd2 cxd4 6. exd4 Bf5 7. Be2 e6 8. O-O Bd6 9. Bxd6 Qxd6 10. c3 O-O 11. a4 Ne4 12. Re1 h6 13. Nxe4 Bxe4 14.
Nd2 Bg6 15. Nf3 Rfe8 16. Bb5 a6 17. Bxc6 bxc6 18. Ne5 Bh7 19. Qh5 Re7 20. Re3 f6 21. Ng4 Qf4 22. Rg3 Kh8 23. h4 a5 24. Ne3 Rb8 25.
Rf3 Qe4 26. b4 axb4 27. cxb4 Qxd4 28. Re1 Qxb4 29. Ra1 d4 30. Ng4 d3 31. Nxh6 gxh6 32.
Qxh6 Qd4 33. Rd1 Rg7 34. Rdxd3 Qa1+ 35. Kh2 Qe5+ 36. Rg3 Rbg8 37. f4 Qb2 38. Rxg7 Rxg7 39. Rd8+ Rg8 40. Rxg8+ Kxg8 41. a5 Be4 0-1

[Event "*** Titled Tuesday Blitz"]
[Site "Chess.com"]
[Date "2020.10.20"]
[Round "1"]
[White "Grieve72"]
[Black "Zhigalko_Sergei"]
[Result "0-1"]
[WhiteElo "2449"]
[BlackElo "2942"]
[TimeControl "180+1"]
[EndTime "10:07:07 PDT"]
[Termination "Zhigalko_Sergei won on time"]

1. e4 c5 2. Nf3 Nc6 3. d4 cxd4 4. Nxd4 Nf6 5. Nc3 e5 6. Ndb5 d6 7. Bg5 a6 8. Na3 b5 9. Nd5 Be7 10. Bxf6 Bxf6 11. c3 Bg5 12. Nc2 Ne7 13. Be2 O-O 14.
O-O Nxd5 15. Qxd5 Be6 16. Qd3 Qb6 17. Nb4 Kh8 18. Rfd1 Rad8 19. a4 f5 20. Bf3 d5 21.
exf5 Bxf5 22. Nxd5 Bxd3 23. Nxb6 e4 24. Bg4 e3 25. fxe3 Bxe3+ 26. Kh1 Bxb6 27. axb5 axb5 28. h3 g6 29. Ra6 Bc7 30. Ra7 Bg3 31. Bf3 Bc4 32.
Rda1 Rfe8 33. Rb7 Re5 34. Rb6 Rde8 0-1

[Event "*** Titled Tuesday Blitz"]
[Site "Chess.com"]
[Date "2020.10.20"]
[Round "1"]
[White "GukeshDommaraju"]
[Black "Piotrek1979"]
[Result "1-0"]
[WhiteElo "2834"]
[BlackElo "2418"]
[TimeControl "180+1"]
[EndTime "10:07:09 PDT"]
[Termination "GukeshDommaraju won by checkmate"]

1. d4 Nf6 2. Nf3 g6 3. c4 Bg7 4. Nc3 O-O 5. e4 d6 6. g3 Nc6 7. Bg2 Bg4 8. O-O e5 9. d5 Nd4 10. Qd3 Nd7 11. Ne1 Nc5 12. Qd2 a5 13. f3 Bd7 14. b3 Ndxb3 15. axb3 Nxb3 16. Qb2 Nxa1 17. Qxa1 c6 18. Be3 a4 19. Nd3 c5 20. Rb1 Ra7 21. Nb5 Ra6 22. Qa3 Qa5 23. Rb2 Rfa8 24. Bd2 Qd8 25. Bc3 f5 26. f4 fxe4 27. Bxe4 exf4 28. Nxf4 Bf6 29. Ne6 Qe7 30. Nbc7 Bxc3 31. Qxc3 a3 32.
Ra2 Bxe6 33. dxe6 Qxc7 34. e7 Kf7 35. Rf2+ Kxe7 36. Qg7+ Kd8 37. Rf8# 1-0